AoeStats
← KuellerEgg

Nomad

507667531Analyzed
2v2 RM · 12d ago on Sep 19, 2026· 64m 20s· 4 players
Game mode
Random Map
Map size
176×176
Population
200
Speed
Normal
Resources
Standard
Victory
Conquest
Starting age
Dark Age
Ending age
Imperial Age
RankedLock teamsTeams togetherTeam positionsShared explorationLock speedFull tech treeHidden civsTurbo modeCheats
Victory
Defeat
🇩🇪 Persians · Germany
1129
+15
🇩🇪 Berbers · Germany
1129
+15
🇺🇸 Dravidians · United States
1105
-16
🇺🇸 Lithuanians · United States
1094
-14
HazEy1
4:45 Loom
13:29 Feudal Age
14:47 Fishing Lines
20:13 Castle Age
19:47 Forging
20:20 Scale Barding Armor
20:15 Pikeman
20:56 Squires
20:57 Scale Mail Armor
21:33 Iron Casting
20:46 Double-Bit Axe
20:53 Gillnets
21:12 Light Cavalry
23:34 Husbandry
27:25 Town Watch
28:15 Wheelbarrow
28:08 Chain Barding Armor
28:48 Medium Warships
32:00 Wheelbarrow
31:36 Gold Mining
33:35 Bow Saw
33:30 Fletching
35:01 Town Patrol
35:56 Bodkin Arrow
37:43 Padded Archer Armor
41:18 Imperial Age
40:27 Chain Mail Armor
42:06 Ballistics
42:11 Hand Cart
43:07 Chemistry
42:54 Leather Archer Armor
42:46 Bracer
43:04 Thumb Ring
43:16 Leather Archer Armor
45:51 Masonry
47:27 Elite Skirmisher
49:43 Two-Man Saw
50:07 Ring Archer Armor
51:48 Caravan
52:38 Stone Mining
57:43 Halberdier
63:19 Clinker Construction
DanTheMan
3:28 Loom
14:14 Feudal Age
15:37 Double-Bit Axe
20:57 Castle Age
19:20 Stone Mining
21:16 Pikeman
24:34 Forging
27:22 Town Watch
28:52 Fletching
33:06 Bloodlines
33:36 Scale Mail Armor
37:15 Scale Barding Armor
38:05 Padded Archer Armor
38:34 Elite Skirmisher
40:13 Iron Casting
40:16 Squires
42:17 Horse Collar
43:13 Chain Mail Armor
44:19 Wheelbarrow
45:52 Leather Archer Armor
45:34 Bodkin Arrow
50:58 Light Cavalry
53:10 Fervor
53:21 Sanctity
55:39 Hand Cart
65:10 Imperial Age
jogi
5:19 Loom
13:00 Feudal Age
14:34 Double-Bit Axe
15:27 Gold Mining
21:57 Castle Age
19:52 Fletching
20:35 Fishing Lines
21:09 Padded Archer Armor
25:10 Bow Saw
24:27 Crossbowman
26:42 Medium Warships
27:21 Bodkin Arrow
28:15 Horse Collar
28:48 Gillnets
30:20 Wheelbarrow
31:20 Hand Cart
31:12 Heavy Plow
33:03 Kamandaran
33:12 Thumb Ring
33:18 Thumb Ring
33:35 Town Watch
36:25 Leather Archer Armor
37:12 Husbandry
37:22 Bloodlines
45:00 Imperial Age
43:45 Scale Barding Armor
43:51 Forging
44:40 Cavalier
44:41 Heavy Camel Rider
48:37 Chemistry
50:34 Elite Skirmisher
55:05 Light Cavalry
56:15 Chain Barding Armor
56:30 Iron Casting
56:27 Ring Archer Armor
57:08 Ballistics
KuellerEgg
10:17 Loom
12:54 Feudal Age
17:09 Castle Age
15:16 Fishing Lines
16:51 Double-Bit Axe
18:21 Bow Saw
20:11 Gillnets
21:38 Fletching
21:48 Gold Mining
21:49 Stone Mining
22:48 Horse Collar
23:49 Husbandry
27:08 Forging
27:15 Town Watch
30:03 Iron Casting
32:29 Bodkin Arrow
34:27 Scale Barding Armor
39:36 Imperial Age
37:46 Wheelbarrow
37:21 Padded Archer Armor
39:08 Chain Barding Armor
39:31 Bloodlines
39:58 Ballistics
41:01 Conscription
42:17 Hoardings
41:43 Kasbah
41:44 Light Cavalry
43:54 Leather Archer Armor
44:27 Bracer
45:59 Blast Furnace
45:34 Thumb Ring
45:14 Elite Camel Archer
47:00 Plate Barding Armor
48:04 Ring Archer Armor
48:07 Hussar
55:02 Heavy Plow
56:40 Chemistry
59:08 Maghrebi Camels
Connection lost

Rejoining the realm…

Still unreachable

The connection could not be restored.

Session expired

The server has moved on; the page needs a fresh start.